 Dungeon Crawl Stone Soup version 0.28.0 (webtiles) character file.

Game seed: 17722088539330853363

83 Ajdolov the Chopper (level 4, 0/35 HPs)
             Began as a Formicid Fighter on Feb 15, 2022.
             Slain by Terence (7 damage)
             ... on level 2 of the Dungeon.
             The game lasted 00:03:06 (1966 turns).

Ajdolov the Chopper (Formicid Fighter)              Turns: 1966, Time: 00:03:07

Health: 0/35       AC:  5    Str: 24    XL:     4   Next: 71%
Magic:  4/4        EV:  9    Int:  8    God:
Gold:   92         SH:  4    Dex: 10    Spells: 3/3 levels left

rFire   . . .      SeeInvis +   a - +0 war axe
rCold   . . .      Faith    .   c - +0 buckler
rNeg    . . .      Spirit   .   b - +0 scale mail
rPois   .          Reflect  .   (helmet unavailable)
rElec   .          Harm     .   g - +0 cloak
rCorr   .          Rampage  .   (no gloves)
Will    .....                   (no boots)
Stlth   ..........              (no amulet)
HPRegen 0.11/turn               (no ring)
MPRegen 0.09/turn               (no ring)

@: unable to read
A: permanent stasis, dig shafts and tunnels, antennae 3, four strong arms,
deformed body, strong 1, wild magic 1, inability to read while threatened
a: Dig, Shaft Self


You were on level 2 of the Dungeon.
You visited 1 branch of the dungeon, and saw 2 of its levels.

You collected 92 gold pieces.

Inventory:

Hand Weapons
 a - a +0 war axe (weapon)
Armour
 b - a +0 scale mail (worn)
 c - a +0 buckler (worn)
 g - a +0 cloak (worn)
Scrolls
 e - 2 scrolls of identify {unknown}
 f - 2 scrolls of amnesia {unknown}
 h - a scroll of acquirement {unknown}
 l - a scroll of teleportation {unknown}
 p - a scroll of blinking {unknown}
 q - 2 scrolls of enchant weapon {unknown}
Potions
 d - 2 potions of might
 i - a potion of degeneration {unknown}
 j - a potion of flight {unknown}
 k - 2 potions of invisibility {unknown}
 n - 2 potions of curing
 o - a potion of lignification {unknown}
 r - a potion of attraction {unknown}


   Skills:
 - Level 3.2 Fighting
 + Level 4.5 Axes
 - Level 3.2 Armour
 - Level 3.6 Shields


You had 3 spell levels left.
You didn't know any spells.
Your spell library was empty.

Dungeon Overview and Level Annotations

Branches:
Dungeon (2/15)

Altars:

Annotations:
D:2 Terence


Innate Abilities, Weirdness & Mutations

You cannot be hasted, slowed, berserked, paralysed or teleported.
You can dig through walls and to a lower floor.
You have a pair of large antennae on your head. (SInv)
Your four strong arms can wield two-handed weapons with a shield.
Armour fits poorly on your strangely shaped body.
Your muscles are strong. (Str +2)
Your spells are a little harder to cast, but a little more powerful.
You sometimes lose the ability to read scrolls when taking damage.


Message History

You block Terence's attack. Terence barely misses you.
Terence barely misses you. Terence hits you with a +0 falchion.
Terence screams, "I want your blood!" You block Terence's attack.
Terence barely misses you. Terence barely misses you.
Terence closely misses you. You block Terence's attack.
Terence barely misses you. You block Terence's attack.
Terence hits you with a +0 falchion. Terence hits you but does no damage.
Terence hits you with a +0 falchion! Terence barely misses you.
You barely miss Terence. You block Terence's attack.
Terence hits you with a +0 falchion.
You closely miss Terence. Terence hits you with a +0 falchion.
You feel threatened and lose the ability to read scrolls!
You barely miss Terence. Terence hits you with a +0 falchion.
You hit Terence but do no damage. Terence barely misses you. x2
You hit Terence.
Terence is lightly wounded.
Terence closely misses you.
You closely miss Terence.
Terence is lightly wounded.
Terence hits you with a +0 falchion.
* * * LOW HITPOINT WARNING * * *
You barely miss Terence.
Terence is lightly wounded.
Terence closely misses you. Terence misses you.
You slash Terence!
Terence is severely wounded.
Terence hits you with a +0 falchion.
* * * LOW HITPOINT WARNING * * *
You closely miss Terence.
Terence is severely wounded.
Terence hits you with a +0 falchion!
You die...

........# #.# ####.##.#.....#.##
...###### ##.###.##.##.........#
...# ### #.........############
...# #.# #...##.##.# ########
'#####.# #.......#.# #......#
.......######..#....####......#
#.................#....#†.....###
####....######..#.#.##.#....†..##
##......# ##.@.#....'#........
.....#..#######.@.#...†#.#...##..
.........)..^..........#..#..##..
.....#.#)##....#..#.#......#....#
.....#.#..'.................#..#.
.......#.##....##.#...(..##..##..
.....8##.########........##..##..
....÷..#.##...........##....#..#.
.8.<÷......................#.)..#


You could see Terence.

Vanquished Creatures
  3 adders (D:2)
  A worm (D:2)
  A dart slug (D:2)
  9 ball pythons
  3 endoplasms
  2 giant cockroaches (D:1)
  5 goblins
  2 hobgoblins (D:1)
  5 quokkas (D:1)
  8 bats
  2 frilled lizards (D:1)
  2 kobolds (D:1)
  3 rats
46 creatures vanquished.

Notes
Turn   | Place    | Note
-------+----------+-------------------------------------------
     0 | D:1      | Ajdolov the Formicid Fighter began the quest for the Orb.
     0 | D:1      | Reached XP level 1. HP: 18/18 MP: 1/1
   285 | D:1      | Reached XP level 2. HP: 24/24 MP: 2/2
   394 | D:1      | Found a faded altar of an unknown god.
   447 | D:1      | Reached skill level 3 in Axes
   836 | D:1      | Reached XP level 3. HP: 29/29 MP: 3/3
  1243 | D:2      | Reached skill level 4 in Axes
  1243 | D:2      | Reached XP level 4. HP: 35/35 MP: 4/4
  1670 | D:2      | Noticed Terence
  1676 | D:2      | Gained mutation: Your magical capacity is low. (-10% MP)
                  | [potion of mutation]
  1676 | D:2      | Gained mutation: You have large cloven feet. [potion of
                  | mutation]
  1939 | D:1      | Lost mutation: Your magical capacity is low. (-10% MP)
                  | [potion of mutation]
  1939 | D:1      | Lost mutation: You have large cloven feet. [potion of
                  | mutation]
  1939 | D:1      | Gained mutation: You passively dampen the noise of your
                  | surroundings. [potion of mutation]
  1939 | D:1      | Gained mutation: You sometimes lose the ability to read
                  | scrolls when taking damage. [potion of mutation]
  1939 | D:1      | Gained mutation: You are somewhat resistant to further
                  | mutation. [potion of mutation]
  1939 | D:1      | Gained mutation: Your muscles are strong. (Str +2) [potion
                  | of mutation]
  1940 | D:1      | Lost mutation: You are somewhat resistant to further
                  | mutation. [potion of mutation]
  1940 | D:1      | Lost mutation: You passively dampen the noise of your
                  | surroundings. [potion of mutation]
  1940 | D:1      | Gained mutation: Armour fits poorly on your strangely
                  | shaped body. [potion of mutation]
  1940 | D:1      | Gained mutation: Your spells are a little harder to cast,
                  | but a little more powerful. [potion of mutation]
  1966 | D:2      | Slain by Terence

Illustrated notes

Levels and vault maps discovered:
D:1:      nzn_arrival_crosshair, layout_loops_ring,
          hellmonk_ecumenical_altar_pennies_from_heaven, minmay_tromino_i4
D:2:      layout_basic, grunt_ministairs_1, minivault_26, serial_bayou_pond_a,
          uniq_terence

Skill      XL: |  1  2  3 |
---------------+----------+-----
Axes           | 3 4 |  4.5
Fighting       | |  3.2
Armour         | |  3.2
Shields        | |  3.6

Action                   |  1- 3 |  4- 6 || total
-------------------------+-------+-------++-------
Melee: War axe           |   111 |    27 ||   138
       Kick              |       |     1 ||     1
  Use: Potion            |       |     4 ||     4
Armor: Scale mail        |    57 |    12 ||    69
Dodge: Dodged            |    73 |    18 ||    91
Block: Buckler           |    32 |     9 ||    41
